AoeStats
← Gobbor

Nomad

510558244Analyzed
3v3 RM · 10h ago on Oct 1, 2026· 49m 9s· 6 players
Game mode
Random Map
Map size
210×210
Population
200
Speed
Normal
Resources
Standard
Victory
Conquest
Starting age
Dark Age
Ending age
Imperial Age
RankedLock teamsTeams togetherTeam positionsShared explorationLock speedFull tech treeHidden civsTurbo modeCheats
Victory
Defeat
🇸🇪 Franks · Sweden
846
+12
🇸🇪 Turks · Sweden
717
+17
🇳🇴 Chinese · Norway
713
+17
🇺🇸 Spanish · United States
764
-16
🇷🇺 Goths · Russia
758
-16
🇩🇰 Portuguese · Denmark
704
-14
Kulesh2732
15:15 Feudal Age
17:23 Man-at-Arms
18:58 Double-Bit Axe
20:53 Scale Mail Armor
21:04 Forging
22:50 Horse Collar
26:21 Fishing Lines
26:42 Gold Mining
26:43 Stone Mining
31:22 Castle Age
32:08 Long Swordsman
32:49 Squires
35:21 Pikeman
41:14 Chain Mail Armor
Gobbor
4:57 Loom
7:03 Loom
17:38 Feudal Age
18:12 Fishing Lines
19:48 Double-Bit Axe
21:35 Wheelbarrow
20:59 Gold Mining
26:34 Castle Age
27:40 Hand Cart
27:18 Gillnets
33:17 Stone Mining
33:39 Bow Saw
36:03 Imperial Age
34:05 Fletching
37:07 Elite Caravel
39:15 Bodkin Arrow
41:40 Two-Man Saw
41:42 Bracer
41:32 Elite Organ Gun
P1stoletov228
11:09 Loom
14:39 Feudal Age
14:55 Man-at-Arms
16:45 Horse Collar
17:34 Double-Bit Axe
19:34 Wheelbarrow
23:30 Scale Mail Armor
23:40 Forging
24:50 Town Watch
27:52 Padded Archer Armor
31:39 Castle Age
36:10 Leather Archer Armor
36:00 Gold Mining
41:23 Hand Cart
Yung Torsten
4:28 Loom
14:42 Feudal Age
16:01 Wheelbarrow
14:55 Man-at-Arms
16:14 Fishing Lines
18:34 Scale Mail Armor
18:26 Arson
21:46 Double-Bit Axe
23:17 Forging
26:49 Castle Age
26:43 Stone Mining
26:43 Gold Mining
27:39 Gillnets
29:41 Padded Archer Armor
29:32 Fletching
31:21 Hand Cart
30:56 Town Watch
31:30 Leather Archer Armor
34:32 Medium Warships
38:27 Imperial Age
37:14 Gold Shaft Mining
40:09 Bow Saw
41:33 Elite Cannon Galleon
43:22 Elite Janissary
45:44 Heavy Warships
45:54 Ballistics
45:56 Bombard Tower
45:26 Guard Tower
45:22 Arrowslits
Keni♿
8:47 Loom
14:30 Feudal Age
15:37 Double-Bit Axe
15:47 Gold Mining
16:59 Forging
20:25 Scale Barding Armor
26:10 Castle Age
26:52 Stone Mining
27:50 Husbandry
29:24 Gold Shaft Mining
36:40 Iron Casting
40:53 Imperial Age
40:58 Cavalier
42:42 Blast Furnace
42:32 Conscription
43:48 Paladin
45:25 Wheelbarrow
Tompalol
5:08 Loom
16:58 Feudal Age
18:54 Double-Bit Axe
19:02 Fletching
27:08 Castle Age
25:13 Padded Archer Armor
26:45 Horse Collar
27:49 Scale Mail Armor
27:18 Crossbowman
29:46 Thumb Ring
32:32 Bodkin Arrow
32:00 Pikeman
33:48 Leather Archer Armor
34:55 Heavy Plow
35:59 Ballistics
38:00 Squires
43:38 Imperial Age
42:49 Forging
44:56 Ring Archer Armor
44:28 Bracer
44:47 Bow Saw
47:25 Chemistry
46:55 Conscription
47:32 Heavy Rocket Cart
Connection lost

Rejoining the realm…

Still unreachable

The connection could not be restored.

Session expired

The server has moved on; the page needs a fresh start.